 Dungeon Crawl Stone Soup version 0.28-a0-401-ge240ad9e29 (webtiles) character file.

Game seed: 8475598347361812864

668 heikuro the Slasher (level 7, -2/55 HPs)
             Began as a Formicid Abyssal Knight on Sept 5, 2021.
             Was a Priest of Lugonu.
             Slain by a water moccasin (5 damage)
             ... on level 5 of the Dungeon.
             The game lasted 00:10:17 (5363 turns).

heikuro the Slasher (Formicid Abyssal Knight)       Turns: 5363, Time: 00:10:18

Health: -2/55      AC:  9    Str: 18 (19) XL:     7   Next: 88%
Magic:  10/10      EV:  8    Int:  8 (11) God:    Lugonu [***...]
Gold:   373        SH:  0    Dex: 13 (16) Spells: 6/6 levels left

rFire   . . .      SeeInvis +   j - +2 dagger (venom)
rCold   . . .      Faith    .   (no shield)
rNeg    . . .      Spirit   .   c - +0 chain mail
rPois   .          Reflect  .   (helmet unavailable)
rElec   .          Harm     .   (no cloak)
rCorr   .          Rampage  .   (no gloves)
Will    .....                   (no boots)
Stlth   ..........              (no amulet)
HPRegen 0.18/turn               p - +6 ring of dexterity
MPRegen 0.12/turn               (no ring)

@: no status effects
A: permanent stasis, dig shafts and tunnels, antennae 3, four strong arms
a: Dig, Shaft Self, Renounce Religion, Depart the Abyss, Bend Space, Banish


You were on level 5 of the Dungeon.
You worshipped Lugonu.
Lugonu was most pleased with you.
You visited 1 branch of the dungeon, and saw 5 of its levels.
You visited the Abyss 1 time.

You collected 373 gold pieces.

Inventory:

Hand Weapons
 a - a +1 falchion
 j - a +2 dagger of venom (weapon)
 l - the +0 dagger of the Lamprey {protect, rElec Dex+2 SInv Stlth+}
   (You found it on level 4 of the Dungeon)

   It grants its wielder temporary protection when it strikes (+7 to AC).
   Dex:       It affects your dexterity (+2).
   rElec:     It insulates you from electricity.
   SInv:      It lets you see invisible.
   Stlth:     It makes you more stealthy.
Missiles
 o - 5 datura-tipped darts
Armour
 c - a +0 chain mail (worn)
 s - a +0 plate armour
Jewellery
 p - a +6 ring of dexterity (left hand)
Scrolls
 d - a scroll of teleportation {unknown}
 e - 2 scrolls of fear {unknown}
 f - 2 scrolls of identify {unknown}
 g - 2 scrolls of amnesia {unknown}
 m - 2 scrolls of blinking {unknown}
 n - a scroll of enchant armour {unknown}
 t - a scroll of torment {unknown}
Potions
 r - 2 potions of lignification


   Skills:
 + Level 4.9 Fighting
 * Level 5.0 Long Blades
 + Level 4.0 Armour
 + Level 2.8 Dodging
 + Level 4.4 Invocations


You had 6 spell levels left.
You didn't know any spells.
Your spell library contained the following spells:

 Spells                   Type           Power      Damage    Failure   Level
 Magic Dart               Conj           0%         1d3       99%         1
 Call Imp                 Summ           0%         N/A       100%        2
 Gell's Gravitas          Tloc           0%         N/A       100%        3
 Lesser Beckoning         Tloc           0%         N/A       100%        3
 Mephitic Cloud           Conj/Pois/Air  0%         N/A       100%        3
 Teleport Other           Tloc           0%         N/A       100%        3
 Animate Dead             Necr           0%         N/A       100%        4
 Summon Lightning Spire   Summ/Air       0%         N/A       100%        4
 Haunt                    Necr/Summ      0%         N/A       100%        7
 Storm Form               Tmut/Air       0%         N/A       100%        7
 Infestation              Necr           0%         N/A       100%        8
 Maxwell's Capacitive Co  Air            0%         ∞         100%        8


Dungeon Overview and Level Annotations

Branches:
Dungeon (5/15)
 Temple: D:4-7

Altars:
Ashenzari
Dithmenos
Gozag
Okawaru

Shops:
D:5 *

Annotations:
D:4 2 transporters, lunkers's ghost, amateur MiCA


Innate Abilities, Weirdness & Mutations

You cannot be hasted, slowed, berserked, paralysed or teleported.
You can dig through walls and to a lower floor.
You have a pair of large antennae on your head. (SInv)
Your four strong arms can wield two-handed weapons with a shield.


Message History

Your +0 chain mail melds into your body.
Your roots penetrate the ground.
* * * LOW HITPOINT WARNING * * *
You feel very sick.
The water moccasin bites you but does no damage.
It was a potion of degeneration.
There was something very wrong with that liquid.
You feel weakened.
You feel dopey.
You feel clumsy.
* * * LOW HITPOINT WARNING * * *
You feel very sick.
The water moccasin bites you but does no damage.
It was a potion of berserk rage.
Your stasis prevents you from going berserk.
* * * LOW HITPOINT WARNING * * *
You feel very sick. The water moccasin barely misses you.
The water moccasin bites you but does no damage.
It was a potion of magic.
Magic courses through your body.
* * * LOW HITPOINT WARNING * * *
You feel very sick.
The water moccasin bites you but does no damage.
It was a potion of cancellation.
Your magical effects are unravelling.
You feel magically purged.
You feel less wooden.
Your +0 chain mail unmelds from your body.
* * * LOW HITPOINT WARNING * * *
You feel sick.
The water moccasin bites you but does no damage.
The water moccasin bites you.
* * * LOW HITPOINT WARNING * * *
It was a potion of curing.
You feel better. The water moccasin bites you.
* * * LOW HITPOINT WARNING * * *
Unknown command.
Are you sure you want to shaft yourself?
The water moccasin bites you.
* * * LOW HITPOINT WARNING * * *
You begin to dig a shaft.
You continue digging a shaft.
The water moccasin barely misses you. The water moccasin bites you.
You die...

..#.###.###. ....# #.#.#
###.#.# #. .# ###.#.# ..#.#.#
#. # ..#.#†# ..#.#.# #. #.#.#.#
..#...# #.#...# ..##..#
#######.###### ......#
.............#
..##..##################.###.##
..###...........@SS........#.#
..# #..###########..####.#.#.#
### #..# #..# #.#.#.# #..# #..#
#.# #.# #..# #..# #.# #.# #..#
#..# #.# #.# #..# #######..#
#.. #.# #..# #....##..# ### #.#
#'##S....# #.#


You could see a water moccasin and an adder.

Vanquished Creatures
  A water moccasin (D:5)
  An ice beast (D:3)
  2 black bears
  An ogre (D:4)
  An iguana (D:4)
  An orc wizard (D:5)
  6 adders
  An adder skeleton (D:4)
  2 worms (D:3)
  2 dart slugs
  8 orcs
  8 ball pythons
  11 endoplasms
  6 giant cockroaches
  6 goblins
  10 hobgoblins
  8 kobolds
  3 quokkas
  6 bats
  2 frilled lizards (D:1)
  8 rats
94 creatures vanquished.

Vanquished Creatures (others)
  A plant (Abyss:1)
1 creature vanquished.

Grand Total: 95 creatures vanquished

Notes
Turn   | Place    | Note
-------+----------+-------------------------------------------
     0 | Abyss:1  | heikuro the Formicid Abyssal Knight began the quest for the
                  | Orb.
     0 | Abyss:1  | Reached XP level 1. HP: 18/18 MP: 2/2
   232 | Abyss:1  | Noticed a ynoxinul
   234 | D:1      | Escaped the Abyss
   263 | D:1      | Reached * piety under Lugonu
   421 | D:1      | Reached skill level 1 in Dodging
   424 | D:1      | Reached XP level 2. HP: 4/24 MP: 3/3
  1059 | D:1      | Reached XP level 3. HP: 19/29 MP: 4/4
  1570 | D:2      | Reached ** piety under Lugonu
  1682 | D:2      | Reached XP level 4. HP: 33/36 MP: 6/6
  2207 | D:2      | Reached skill level 3 in Long Blades
  2336 | D:2      | Reached XP level 5. HP: 41/42 MP: 7/7
  2853 | D:3      | Found a faded altar of an unknown god.
  2961 | D:3      | Noticed an ice beast
  2976 | D:3      | Killed an ice beast
  2977 | D:3      | Reached XP level 6. HP: 34/48 MP: 8/8
  3408 | D:3      | Found a broken altar of Ashenzari.
  3408 | D:3      | Found a shadowy altar of Dithmenos.
  3413 | D:3      | Found an iron altar of Okawaru.
  3719 | D:4      | Identified the +0 dagger of the Lamprey {protect, rElec
                  | Dex+2 SInv Stlth+}
  3730 | D:4      | Noticed an ogre
  3745 | D:4      | Killed an ogre
  3746 | D:4      | Reached skill level 4 in Long Blades
  4016 | D:4      | Found an opulent altar of Gozag.
  4653 | D:4      | Reached *** piety under Lugonu
  4725 | D:4      | Found a transporter.
  4726 | D:4      | Noticed lunkers's ghost (amateur MiCA)
  4726 | D:4      | Noticed an ogre
  4726 | D:4      | Noticed an ogre
  4749 | D:4      | Identified the +9 great mace of the Tundras {venom, rCorr
                  | Str+3 Int+3}
  4749 | D:4      | Noticed an ogre
  4756 | D:4      | Found a transporter.
  4799 | D:5      | Entered Level 5 of the Dungeon
  4799 | D:5      | Noticed a black bear
  4816 | D:4      | Killed a black bear
  4817 | D:4      | Reached XP level 7. HP: 38/55 MP: 8/10
  5329 | D:5      | Found Xeyqeoth's Serpentskin Sales.
  5329 | D:5      | Noticed a water moccasin
  5330 | D:5      | Noticed a water moccasin
  5348 | D:5      | Killed a water moccasin
  5349 | D:5      | Reached skill level 5 in Long Blades
  5360 | D:5      | HP: 1/55 [water moccasin (3)]
  5363 | D:5      | Slain by a water moccasin

Illustrated notes

Levels and vault maps discovered:
D:1:      amcnicky_arrival_feature_with_door, layout_rooms, minmay_unequal
D:2:      layout_basic
D:3:      layout_basic, minitemple, ebering_ecumenical_altar_mist,
          guppyfry_early_orc_mine
D:4:      layout_loops_corners, nicolae_gozag_seed_capital,
          gammafunk_ghost_smash
D:5:      layout_basic, fountainhead, guppyfry_shop_venom

Skill      XL: |  1  2  3  4  5  6  7 |
---------------+----------------------+-----
Dodging        | 1 2 |  2.8
Long Blades    | 3 4 5 |  5.0
Invocations    | 3 4 |  4.4
Fighting       | 4 |  4.9
Armour         | 3 4 |  4.0

Action                   |  1- 3 |  4- 6 |  7- 9 || total
-------------------------+-------+-------+-------++-------
Melee: Falchion          |   116 |    81 |       ||   197
       Dagger            |       |    77 |    30 ||   107
Invok: Depart the Abyss  |     1 |       |       ||     1
 Abil: Dig               |     1 |     1 |       ||     2
       Shaft Self        |       |       |     1 ||     1
  Use: Potion            |       |       |     6 ||     6
Armor: Leather armour    |     6 |       |       ||     6
       Chain mail        |    68 |    85 |    20 ||   173
       Skin              |       |       |     4 ||     4
Dodge: Dodged            |    52 |    41 |    14 ||   107

Table legend: (Time is in decaauts)
 A = Elapsed time spent in this place.
 B = Non-inter-level travel time spent in this place.
 C = Inter-level travel time spent in this place.
 D = Time resting spent in this place.
 E = Time spent auto-exploring this place.
 F = Levels seen in this place.
 G = Mean time per level.
                   A        B        C        D        E       F      G
               +--------+--------+--------+--------+--------+-----+--------+
         Total |   5382 |   5268 |    114 |   1491 |   2574 |   6 |  897.0 |
       Dungeon |   5148 |   5034 |    114 |   1491 |   2482 |   5 | 1029.6 |
         Abyss |    234 |    234 |      0 |      0 |     92 |   1 |  234.0 |
               +--------+--------+--------+--------+--------+-----+--------+

Top non-repeatable levels by time:
     D:2: 1316 daAuts
     D:1: 1303 daAuts
     D:4: 1239 daAuts
     D:3: 839 daAuts
     D:5: 449 daAuts
 Abyss:1: 234 daAuts
